 Dungeon Crawl Stone Soup version 0.31-a0-188-g5e087ee2ca (webtiles) character file.

Game seed: 10794208494402488777

65 qw the Shooter (level 3, 0/20 HPs)
             Began as a Deep Elf Hunter on June 23, 2023.
             Slain by a gnoll
             ... wielding a +1 heavy flail
              (20 damage)
             ... on level 2 of the Dungeon.
             The game lasted 00:00:29 (1051 turns).

qw the Shooter (Deep Elf Hunter)                    Turns: 1051, Time: 00:00:29

Health: 0/20       AC:  5    Str: 16    XL:     3   Next: 94%
Magic:  5/5        EV: 11    Int: 13    God:
Gold:   85         SH:  0    Dex: 18    Spells: 2/2 levels left

rFire   . . .        Y - +0 shortbow
rCold   . . .        (shield currently unavailable)
rNeg    . . .        f - +0 ring mail
rPois   .            (no helmet)
rElec   .            (no cloak)
rCorr   .            (no gloves)
SInv    .            (no boots)
Will    .....        (no amulet)
Stlth   +            i - +6 ring of strength
HPRegen 0.23/turn    (no ring)
MPRegen 0.09/turn

%: no passive effects
@: no status effects
A: no striking features
a: no special abilities


You were on level 2 of the Dungeon.
You visited 1 branch of the dungeon, and saw 2 of its levels.

You collected 85 gold pieces.


   Skills:
 - Level 1.5 Fighting
 + Level 7.4 Ranged Weapons
 - Level 2.4 Dodging
 - Level 1.2 Stealth


You had 2 spell levels left.
You didn't know any spells.
Your spell library was empty.

Inventory:

Hand Weapons
 Y - a +0 shortbow (weapon)
Armour
 b - a +0 pair of boots
 f - a +0 ring mail (worn)
Jewellery
 i - a +6 ring of strength (left hand)
Scrolls
 a - a scroll of amnesia {unknown}
Potions
 e - a potion of haste {unknown}

Dungeon Overview and Level Annotations

Branches:
Dungeon (2/15)

Altars:


Message History

You shoot an arrow.
The arrow completely misses the hobgoblin.
The hobgoblin hits you but does no damage.
You shoot an arrow. The arrow hits the hobgoblin.
The hobgoblin is heavily wounded.
The hobgoblin hits you.
You shoot an arrow. The arrow closely misses the hobgoblin.
The hobgoblin hits you.
You shoot an arrow. The arrow hits the hobgoblin.
You kill the hobgoblin!
You start resting.
A giant cockroach comes into view.
You shoot an arrow. The arrow hits the giant cockroach.
The giant cockroach is almost dead.
You shoot an arrow.
The arrow closely misses the giant cockroach.
You shoot an arrow.
The arrow hits the giant cockroach but does no damage.
The giant cockroach is almost dead.
The giant cockroach closely misses you.
You shoot an arrow. The arrow hits the giant cockroach.
You kill the giant cockroach!
You start resting.
HP restored.
A gnoll comes into view. It is wielding a +1 heavy flail.
You shoot an arrow. The arrow completely misses the gnoll.
The gnoll shouts!
You shoot an arrow.
The arrow hits the gnoll but does no damage.
A gnoll comes into view. It is wielding a +0 spear.
You shoot an arrow. The arrow closely misses the gnoll.
The gnoll shouts!
You hear a shout!
A rat comes into view.
You shoot an arrow. The arrow barely misses the gnoll.
You shoot an arrow. The arrow hits the gnoll!
The gnoll is severely wounded.
The gnoll hits you with a +1 heavy flail!!
Ouch! That really hurt!
You die...

######...
######.g.g.r..
#######.....@#
#####.......######
......#######
####### ###


You could see 2 gnolls and a rat.

Vanquished Creatures
  A gnoll (D:1)
  4 dart slugs
  3 bats
  3 endoplasms
  2 giant cockroaches
  4 goblins
  2 hobgoblins
  9 jackals (D:1)
  5 kobolds (D:1)
  3 ball pythons (D:1)
  3 frilled lizards (D:1)
  7 rats
46 creatures vanquished.

Notes
Turn   | Place    | Note
-------+----------+-------------------------------------------
     0 | D:1      | qw the Deep Elf Hunter began the quest for the Orb.
     0 | D:1      | Reached XP level 1. HP: 12/12 MP: 3/3
     0 | D:1      | 0 ||| qw: Version: 0.3-a-9-g12657ce
     0 | D:1      | 0 ||| qw: Game counter: 3952
     0 | D:1      | 0 ||| qw: Always use a shield: true
     0 | D:1      | 0 ||| qw: God list: Okawaru
     0 | D:1      | 0 ||| qw: Allow faded altars: false
     0 | D:1      | 0 ||| qw: Do Orc after D:15 true
     0 | D:1      | 0 ||| qw: Do second Lair branch before Depths: true
     0 | D:1      | 0 ||| qw: Lair rune preference: random
     0 | D:1      | 0 ||| qw: Plans: Normal
     0 | D:1      | 0 ||| PLANNING D:1-11
    30 | D:1      | Reached skill level 6 in Ranged Weapons
    30 | D:1      | Reached XP level 2. HP: 9/16 MP: 4/4
    49 | D:1      | 49 ||| FLEEEEING.
    50 | D:1      | 50 ||| FLEEEEING.
    51 | D:1      | 51 ||| FLEEEEING.
   237 | D:1      | Reached XP level 3. HP: 19/20 MP: 5/5
   430 | D:1      | Reached skill level 7 in Ranged Weapons
   813 | D:1      | 813 ||| UPGRADING to +0 ring mail.
   823 | D:1      | 823 ||| DROPPING +0 leather armour.
   824 | D:1      | 824 ||| UPGRADING to +6 ring of strength.
   825 | D:1      | 825 ||| READING scroll labelled MAIWAORYSU.
   826 | D:1      | 826 ||| READING scroll labelled QISYIZ QUMI.
   827 | D:1      | 827 ||| READING scroll labelled UCUTWI BOQI.
   828 | D:1      | 828 ||| DROPPING scroll of butterflies.
  1051 | D:2      | Slain by a gnoll

Levels and vault maps discovered:
D:1:      wheals_arrival_linesprint, layout_loops_ring
D:2:      layout_rooms, nicolae_nh_oracle_at_delphi

Skill      XL: |  1  2  3 |
---------------+----------+-----
Ranged Weapons | 6 7 |  7.4
Fighting       | |  1.5
Dodging        | |  2.4
Stealth        | |  1.2

Action                     || total
---------------------------++-------
   Fire: Shortbow          ||   135
    Use: Scroll            ||     3
 Armour: Leather armour    ||    12
         Ring mail         ||     3
  Dodge: Dodged            ||    33

Table legend:
 A = Non-vault XP
 B = Vault XP
 C = Vault XP percentage of total XP
 D = Non-vault monster count
 E = Vault monster count
 F = Vault count percentage of total count
                 A         B        C        D         E       F
            +---------+---------+-------+---------+---------+-------
      Total |      92 |       2 |   2.1 |      45 |       1 |   2.2
            +---------+---------+-------+---------+---------+-------
        D:1 |      76 |       0 |   0.0 |      38 |       0 |   0.0
        D:2 |      16 |       2 |  11.1 |       7 |       1 |  12.5
            +---------+---------+-------+---------+---------+-------
